 Dungeon Crawl Stone Soup version 0.31-a0-1626-g5cb510d322 (webtiles) character file.

Game seed: 13408545417252871262

165 Sabo the Trooper (level 5, -8/42 HPs)
             Began as a Demonspawn Monk on Jan 12, 2024.
             Mangled by Menkaure (16 damage)
             ... on level 4 of the Dungeon.
             The game lasted 00:13:13 (2706 turns).

Sabo the Trooper (Demonspawn Monk)                  Turns: 2706, Time: 00:13:14

Health: -8/42      AC:  5    Str: 13    XL:     5   Next: 22%
Magic:  5/5        EV: 12    Int: 11    God:
Gold:   171        SH:  0    Dex: 17    Spells: 4/4 levels left

rFire   + . .        i - +2 whip (freeze)
rCold   . . .        d - orb {light}
rNeg    . . .        m - +0 ring mail {rF+}
rPois   .            (helmet restricted)
rElec   .            (no cloak)
rCorr   .            (no gloves)
SInv    .            (no boots)
Will    +....        (no amulet)
Stlth   +            h - ring of wizardry
HPRegen 0.27/turn    j - ring of willpower
MPRegen 0.09/turn

%: wizardry (x1)
@: glowing
A: antennae 1, thin skeletal structure 1, ignite blood 1
a: no special abilities


You were on level 4 of the Dungeon.
You visited 1 branch of the dungeon, and saw 4 of its levels.

You collected 171 gold pieces.

Inventory:

Hand Weapons
 a - a +0 hand axe
 b - a +0 sling
 i - a +2 whip of freezing (weapon)
 k - a +1 dagger of venom
Missiles
 f - 12 poisoned darts (quivered)
Armour
 d - an orb of light (worn)
 m - a +0 ring mail of fire resistance (worn)
Jewellery
 h - a ring of wizardry (left hand)
 j - a ring of willpower (right hand)
Talismans
 p - a maw talisman
Wands
 q - a wand of flame (5)
Scrolls
 l - 2 scrolls of identify {unknown}
 o - 2 scrolls of immolation {unknown}
 s - a scroll of teleportation {unknown}
Potions
 c - 2 potions of ambrosia
 e - a potion of resistance {unknown}
 g - 4 potions of curing {unknown}
 n - a potion of degeneration {unknown}
 r - a potion of heal wounds {unknown}
 t - a potion of lignification {unknown}


   Skills:
 + Level 3.9 Fighting
 + Level 3.0(3.3) Axes
 + Level 2.0(2.8) Maces & Flails
 + Level 1.8 Armour
 + Level 3.4 Dodging
 + Level 0.1 Stealth


You had 4 spell levels left.
You didn't know any spells.
Your spell library contained the following spells:

 Spells                   Type           Power      Damage    Failure   Level
 Kiss of Death            Conj/Necr      0%         2d5       28%         1
 Lesser Beckoning         Tloc           0%         N/A       41%         2
 Confusing Touch          Hex            0%         N/A       63%         3
 Gell's Gravitas          Tloc           0%         N/A       63%         3
 Teleport Other           Tloc           0%         N/A       63%         3
 Dispel Undead            Necr           0%         3d6       95%         4


Dungeon Overview and Level Annotations

Branches:
Dungeon (4/15)
 Temple: D:4-7

Altars:
Fedhas
Hepliaklqana
Qazlal
Sif Muna
Vehumet

Shops:
D:1 [

Annotations:
D:4 Menkaure


Innate Abilities, Weirdness & Mutations

You have a pair of small antennae on your head.
You have a somewhat thin skeletal structure. (Dex +2, Stealth+)
Your demonic aura sometimes causes spilled blood to erupt in flames.


Message History

Items here: ))) [[ †.
Okay, then.
s - a scroll labelled PISUEKHIRETYCU
Items here: ))) [[ †.
There are no items here.
You start resting.
HP restored.
Things that are here:
a +0 flail; 2 boomerangs; an orc corpse You see here a ball python corpse.
A kobold comes into view. It is wielding a +0 dagger.
The kobold shouts!
You hit the kobold. You freeze the kobold.
You kill the kobold!
Your Maces & Flails skill increases to level 2!
Things that are here:
a +0 dagger; a kobold corpse
Found a grey potion.
t - a grey potion Menkaure, Prince of Dust comes into view.
Menkaure calls on the powers of darkness!
Your body is wracked with pain!
Menkaure misses you.
You hit Menkaure.
Menkaure is lightly damaged.
Menkaure hits you!
* * * LOW HITPOINT WARNING * * *
You hit Menkaure.
Menkaure is moderately damaged.
You hit Menkaure.
Menkaure is moderately damaged.
Menkaure hits you.
* * * LOW HITPOINT WARNING * * *
You barely miss Menkaure.
Menkaure is moderately damaged.
Menkaure barely misses you.
You hit Menkaure. You freeze Menkaure.
Menkaure is severely damaged.
Menkaure hits you!
You die...

########### ......M@..#
#########.#############
#........)....#
#############.# #.# #.#
#.# #.# #.#


You could see Menkaure.

Vanquished Creatures
  A phantom (D:4)
  2 adders (D:3)
  6 orcs (D:4)
  7 bats
  3 endoplasms
  2 giant cockroaches
  3 goblins
  5 hobgoblins
  2 jackals (D:1)
  2 quokkas
  7 ball pythons
  A frilled lizard (D:3)
  9 kobolds
  8 rats
58 creatures vanquished.

Notes
Turn   | Place    | Note
-------+----------+-------------------------------------------
     0 | D:1      | Sabo the Demonspawn Monk began the quest for the Orb.
     0 | D:1      | Reached XP level 1. HP: 18/18 MP: 1/1
   205 | D:1      | Found Cial Imp's Antique Armour Boutique.
   285 | D:1      | Gained mutation: Your demonic aura sometimes causes spilled
                  | blood to erupt in flames. [demonic ancestry]
   285 | D:1      | Reached XP level 2. HP: 24/24 MP: 2/2
   321 | D:1      | Found a faded altar of an unknown god.
  1099 | D:2      | Gained mutation: You have a pair of small antennae on your
                  | head. [demonic ancestry]
  1099 | D:2      | Reached XP level 3. HP: 29/29 MP: 3/3
  1795 | D:3      | Found a radiant altar of Vehumet.
  1823 | D:3      | Found a stormy altar of Qazlal.
  1889 | D:3      | Reached skill level 1 in Armour
  1897 | D:3      | Found a blossoming altar of Fedhas.
  1902 | D:3      | Found a shimmering blue altar of Sif Muna.
  1946 | D:3      | Reached XP level 4. HP: 37/37 MP: 4/4
  2129 | D:3      | Found a hazy altar of Hepliaklqana.
  2494 | D:4      | Noticed a phantom
  2514 | D:4      | Killed a phantom
  2515 | D:4      | Reached skill level 1 in Maces & Flails
  2515 | D:4      | Gained mutation: You have a somewhat thin skeletal
                  | structure. (Dex +2, Stealth+) [demonic ancestry]
  2515 | D:4      | Reached XP level 5. HP: 25/42 MP: 5/5
  2698 | D:4      | Noticed Menkaure
  2706 | D:4      | Mangled by Menkaure

Illustrated notes

Levels and vault maps discovered:
D:1:      onia_arrival_pyramid, layout_basic, serial_shops,
          nicolae_shop_statue_plus, ebering_ecumenical_altar_webs
D:2:      layout_basic
D:3:      layout_rooms, fedhas_altar_2, mainiacjoe_overflow_tiny_flanked,
          mainiacjoe_overflow_alcove_4, worldfamousw_hep_ancestral_shrine,
          mainiacjoe_overflow_six_doors_small, chequers_serial_rivers_micro_c,
          roderic_roman_lattice
D:4:      layout_loops_ring, lightli_temple_of_fire, uniq_menkaure, uniq_robin

Skill      XL: |  1  2  3  4  5 |
---------------+----------------+-----
Dodging        | 3 |  3.4
Axes           | 3 |  3.0
Armour         | 1 |  1.8
Maces & Flails | 1 2 |  2.0
Fighting       | |  3.9
Stealth        | |  0.1

Action                     |  1- 3 |  4- 6 || total
---------------------------+-------+-------++-------
  Melee: Hand axe          |    43 |       ||    43
         Whip              |    49 |    52 ||   101
 Armour: Leather armour    |    40 |       ||    40
         Ring mail         |    15 |    24 ||    39
  Dodge: Dodged            |    70 |    29 ||    99

Table legend: (Time is in decaauts)
 A = Elapsed time spent in this place.
 B = Non-inter-level travel time spent in this place.
 C = Inter-level travel time spent in this place.
 D = Time resting spent in this place.
 E = Time spent auto-exploring this place.
 F = Levels seen in this place.
 G = Mean time per level.
                   A        B        C        D        E       F      G
               +--------+--------+--------+--------+--------+-----+--------+
         Total |   2711 |   2711 |      0 |    181 |      0 |   4 |  677.8 |
       Dungeon |   2711 |   2711 |      0 |    181 |      0 |   4 |  677.8 |
               +--------+--------+--------+--------+--------+-----+--------+

Top non-repeatable levels by time:
     D:1: 1050 daAuts
     D:2: 706 daAuts
     D:3: 646 daAuts
     D:4: 309 daAuts
